 Dungeon Crawl Stone Soup version 0.22.0-27-ga576289601 (webtiles) character file.

492 Flugkiller the Chopper (level 6, -4/57 HPs)
             Began as a Deep Dwarf Fighter on Aug 23, 2018.
             Killed from afar by an orc wizard (5 damage)
             ... with a puff of frost
             ... on level 5 of the Dungeon.
             The game lasted 00:01:03 (1027 turns).

Flugkiller the Chopper (Deep Dwarf Fighter)         Turns: 1027, Time: 00:01:03

Health: -4/57      AC:  7    Str: 22    XL:     6   Next: 91%
Magic:  4/4        EV:  7    Int:  8    God:
Gold:   107        SH:  9    Dex: 12    Spells: 5/5 levels left

rFire    . . .     SeeInvis .   a - +0 war axe
rCold    . . .     Gourm    .   c - +0 shield
rNeg     . . .     Faith    .   b - +0 scale mail
rPois    .         Spirit   .   (no helmet)
rElec    .         Reflect  .   (no cloak)
rCorr    .         Harm     .   (no gloves)
MR       .....                  (no boots)
Stlth    ..........             (no amulet)
HPRegen  0.00/turn              (no ring)
MPRegen  0.09/turn              (no ring)

@: non-regenerating
A: damage resistance, heal wounds, sense surroundings 1, no regeneration
a: Heal Wounds


You were on level 5 of the Dungeon.
You were not hungry.

You visited 1 branch of the dungeon, and saw 5 of its levels.

You collected 107 gold pieces.

Inventory:

Hand Weapons
 a - a +0 war axe (weapon)
Armour
 b - a +0 scale mail (worn)
 c - a +0 shield (worn)
Scrolls
 e - a scroll of remove curse {unknown}
 g - a scroll of enchant weapon {unknown}
 j - a scroll of magic mapping {unknown}
 k - a scroll of teleportation {unknown}
 l - 2 scrolls of fog {unknown}
Potions
 d - a potion of might
 i - a potion of curing {unknown}
Comestibles
 f - 4 rations
 h - 3 chunks of flesh


   Skills:
 + Level 4.2 Fighting
 * Level 6.0 Axes
 + Level 5.1 Armour
 - Level 3.2 Shields


You had 5 spell levels left.
You didn't know any spells.
Your spell library was empty.

Dungeon Overview and Level Annotations

Branches:
Dungeon (5/15)
 Temple: D:4-7

Altars:


Innate Abilities, Weirdness & Mutations

You are resistant to damage.
You can heal yourself by infusing magical energy.
You passively map a small area around you.
You do not regenerate.


Message History

A puff of frost appears from out of thin air!
The puff of frost hits you!
The centaur shoots an arrow.
The arrow hits you!
* * * LOW HITPOINT WARNING * * *
You hear some strange, mumbled words.
A puff of frost appears from out of thin air!
The puff of frost hits you!
* * * LOW HITPOINT WARNING * * *
You completely miss something.
You hear some strange, mumbled words.
A puff of flame appears from out of thin air!
The puff of flame hits you!
The centaur shoots an arrow.
The arrow hits you.
The centaur shoots an arrow.
The arrow completely misses you.
You hear some strange, mumbled words.
A puff of frost appears from out of thin air!
The puff of frost hits you!
* * * LOW HITPOINT WARNING * * *
You hear some strange, mumbled words.
A puff of frost appears from out of thin air!
The puff of frost hits you!
You die...

.######..#......... ,
.....................
...#####..##.......##
*
.#.?%..#...+.c...<...
....(..#.###.......##
*
#......#....c......#
.......#....#.####.#
#......#........ .#
+......@......#., ,
#.....#.(.....# * *
#.... #){)..#... , ,
#### .(........# *
.........##.#
......#...... . ,
.............. *
*#######........ ,
#........


You could see 2 centaurs.

Vanquished Creatures
  Menkaure (D:5)
  2 ogres (D:4)
  A howler monkey (D:4)
  An orc priest (D:5)
  A hound (D:4)
  An iguana (D:4)
  Robin (D:4)
  A howler monkey skeleton (D:4)
  3 adders (D:4)
  3 oozes
  2 dart slugs
  A leopard gecko (D:2)
  4 orcs
  3 giant cockroaches
  4 hobgoblins
  2 quokkas
  A ball python (D:2)
  2 bats
  9 goblins (D:4)
  3 kobolds (D:1)
46 creatures vanquished.

Notes
Turn   | Place    | Note
-------+----------+-------------------------------------------
     0 | D:1      | Flugkiller the Deep Dwarf Fighter began the quest for the Orb.
     0 | D:1      | Reached XP level 1. HP: 20/20 MP: 1/1
   166 | D:2      | Reached XP level 2. HP: 27/27 MP: 2/2
   268 | D:3      | You fall through a shaft!
   283 | D:4      | Reached skill level 3 in Axes
   308 | D:4      | Reached XP level 3. HP: 34/34 MP: 3/3
   330 | D:5      | Entered Level 5 of the Dungeon
   330 | D:5      | Noticed a centaur
   378 | D:4      | Noticed Robin
   398 | D:4      | Killed Robin
   410 | D:4      | Reached XP level 4. HP: 42/42 MP: 3/3
   474 | D:4      | Noticed an ogre
   479 | D:4      | Killed an ogre
   479 | D:4      | Reached skill level 4 in Axes
   479 | D:4      | Reached XP level 5. HP: 49/49 MP: 4/4
   617 | D:4      | Reached skill level 5 in Axes
   630 | D:4      | Reached XP level 6. HP: 57/57 MP: 5/5
  1005 | D:5      | Noticed Menkaure
  1021 | D:5      | Killed Menkaure
  1021 | D:5      | Reached skill level 6 in Axes
  1021 | D:5      | Reached skill level 5 in Armour
  1026 | D:5      | HP: 1/57 [something/puff of frost (4)]
  1027 | D:5      | Killed from afar by an orc wizard

Skill      XL: |  1  2  3  4  5  6 |
---------------+-------------------+-----
Axes           | 3 4 5 6 |  6.0
Fighting       | 3 4 |  4.2
Armour         | 4 5 |  5.1
Shields        | |  3.2

Action                   |  1- 3 |  4- 6 || total
-------------------------+-------+-------++-------
Melee: War axe           |    91 |    71 ||   162
 Abil: Heal Wounds       |     1 |     4 ||     5
  Eat: Chunk             |       |     1 ||     1
Armor: Scale mail        |    46 |    25 ||    71
Dodge: Dodged            |    37 |    22 ||    59
Block: Shield            |    52 |    45 ||    97
